 Dungeon Crawl Stone Soup version 0.30-a0-726-gd89dcf765f (webtiles) character file.

Game seed: 7615706692747885584

61556 Crownlay the Thaumaturge (level 15, -2/115 HPs)
             Began as a Gnoll Ice Elementalist on Jan 29, 2023.
             Was an Elder of Uskayaw.
             Slain by a skeletal warrior
             ... wielding a +4 glaive
              (9 damage)
             ... on level 12 of the Dungeon.
             The game lasted 01:09:41 (23189 turns).

Crownlay the Thaumaturge (Gnoll Ice Elementalist)  Turns: 23189, Time: 01:09:41

Health: -2/115     AC: 12    Str:  8      XL:     15   Next: 3%
Magic:  21/36      EV: 21    Int: 32 (33) God:    Uskayaw [****..]
Gold:   3063       SH:  5    Dex: 23      Spells: 6/36 levels left

rFire   . . .      SeeInvis +    s - +6 Majin-Bo {spellvamp, MP+6 Int+6}
rCold   + + +      Faith    .    (no shield)
rNeg    . . .      Spirit   .    C - +0 robe "Ittiweew" {Int+4 Dex+4 SInv}
rPois   .          Reflect  +    P - +2 helmet of the Blessed Realm {rC+++ rCorr Slay-4}
rElec   +          Harm     .    F - +1 cloak of Zin's Reproof {Will+ Int+2}
rCorr   +          Rampage  .    E - +2 pair of gloves "Reapughi" {Drain rElec rC++ Regen+}
Will    +++..                    (no boots)
Stlth   +++++                    i - amulet of reflection
HPRegen 1.19/turn                j - ring of willpower
MPRegen 0.25/turn                G - +6 ring of dexterity

@: no status effects
A: fangs 1, strong nose, distributed training, deterioration 1, no potion heal 1
a: Renounce Religion, Stomp, Line Pass


You were on level 12 of the Dungeon.
You worshipped Uskayaw.
Uskayaw was aware of your devotion.
You visited 3 branches of the dungeon, and saw 18 of its levels.
You also visited: Bailey and Volcano.

You collected 5307 gold pieces.
You spent 2244 gold pieces at shops.

Inventory:

Hand Weapons
 s - the +6 Majin-Bo (weapon) {spellvamp, MP+6 Int+6}
   (You found it on level 6 of the Dungeon)

   Int:       It affects your intelligence (+6).
   MP:        It affects your magic capacity (+6).
 M - the +9 quarterstaff of Objectivity {elec, rElec rF+ Will+}
   (You found it on level 9 of the Dungeon)

   rF:        It protects you from fire.
   rElec:     It insulates you from electricity.
   Will:      It increases your willpower.
 Q - the +2 spear of the Boiling Point {elec, rC++ rN+}
   (You found it on level 12 of the Dungeon)

   rC:        It greatly protects you from cold.
   rN:        It protects you from negative energy.
Armour
 C - the +0 robe "Ittiweew" (worn) {Int+4 Dex+4 SInv}
   (You took it off an orc on level 11 of the Dungeon)

   Int:       It affects your intelligence (+4).
   Dex:       It affects your dexterity (+4).
   SInv:      It lets you see invisible.
 E - the +2 pair of gloves "Reapughi" (worn) {Drain rElec rC++ Regen+}
   (You acquired it on level 7 of the Dungeon)

   rC:        It greatly protects you from cold.
   rElec:     It insulates you from electricity.
   Regen:     It increases your rate of health regeneration.
   Drain:     It drains your maximum health when unequipped.
 F - the +1 cloak of Zin's Reproof (worn) {Will+ Int+2}
   (You found it on level 6 of the Dungeon)

   Int:       It affects your intelligence (+2).
   Will:      It increases your willpower.
 P - the +2 helmet of the Blessed Realm (worn) {rC+++ rCorr Slay-4}
   (You acquired it on level 3 of the Lair of Beasts)

   Slay:      It affects your accuracy & damage with ranged weapons and melee
   (-4).
   rC:        It renders you almost immune to cold.
   rCorr:     It protects you from acid and corrosion.
Jewellery
 i - an amulet of reflection (around neck)
 j - a ring of willpower (left hand)
 y - a +6 ring of strength
 G - a +6 ring of dexterity (right hand)
Wands
 c - a wand of acid (19)
 d - a wand of digging (7)
 m - a wand of mindburst (28)
 J - a wand of paralysis (9)
 L - a wand of roots (6)
 R - a wand of flame (12)
Scrolls
 e - a scroll of blinking
 f - 3 scrolls of enchant weapon
 g - 4 scrolls of amnesia
 l - 6 scrolls of fog
 n - 3 scrolls of enchant armour
 o - 2 scrolls of fear
 p - a scroll of noise
 t - 5 scrolls of immolation
 v - 8 scrolls of teleportation
 w - 3 scrolls of poison
 x - a scroll of summoning
 B - 2 scrolls of silence
 D - 2 scrolls of torment
 I - 4 scrolls of vulnerability
 K - 2 scrolls of identify
Potions
 a - 3 potions of brilliance
 b - 3 potions of magic
 h - 9 potions of curing
 k - 2 potions of ambrosia
 q - 4 potions of attraction
 r - 4 potions of might
 u - 2 potions of haste
 z - 3 potions of cancellation
 A - 2 potions of flight
 H - 2 potions of heal wounds
 N - 2 potions of lignification


   Skills:
 + Level 10.1 Fighting
 + Level 10.1 Short Blades
 + Level 10.1 Long Blades
 + Level 10.1 Axes
 + Level 10.1 Maces & Flails
 + Level 10.1 Polearms
 + Level 10.1 Staves
 + Level 10.1 Ranged Weapons
 + Level 10.1 Throwing
 + Level 10.1 Armour
 + Level 11.1 Dodging
 + Level 10.9 Stealth
 + Level 10.1 Shields
 + Level 10.1 Unarmed Combat
 + Level 11.2 Spellcasting
 + Level 8.4 Conjurations
 + Level 8.4 Hexes
 + Level 8.4 Summonings
 + Level 8.4 Necromancy
 + Level 8.4 Translocations
 + Level 8.4 Transmutations
 + Level 8.4 Fire Magic
 + Level 11.0 Ice Magic
 + Level 8.4 Air Magic
 + Level 8.4 Earth Magic
 + Level 8.4 Poison Magic
 + Level 11.0 Invocations
 + Level 10.1 Evocations


You had 6 spell levels left.
You knew the following spells:

 Your Spells              Type           Power      Damage    Failure   Level
a - Freeze                Ice            100%       1d10      1%          1
b - Frozen Ramparts       Ice            100%       1d16      1%          3
c - Ozocubu's Armour      Ice            73%        N/A       1%          3
d - Summon Ice Beast      Ice/Summ       69%        N/A       1%          4
e - Dispel Undead         Necr           64%        3d22      1%          4
f - Hailstorm             Conj/Ice       69%        3d14      1%          3
g - Statue Form           Tmut/Erth      42%        N/A       13%         6
h - Iron Shot             Conj/Erth      32%        9d7       13%         6

Your spell library contained the following spells:

 Spells                   Type           Power      Damage    Failure   Level
 Apportation              Tloc           100%       N/A       1%          1
 Shock                    Conj/Air       100%       1d9       1%          1
 Blink                    Tloc           100%       N/A       1%          2
 Cigotuvi's Dreadful Rot  Necr/Pois/Air  100%       N/A       1%          2
 Lesser Beckoning         Tloc           100%       N/A       1%          2
 Poisonous Vapours        Pois/Air       100%       N/A       1%          2
 Scorch                   Fire           100%       2d10      1%          2
 Call Canine Familiar     Summ           64%        N/A       1%          3
 Portal Projectile        Hex/Tloc       100%       N/A       1%          3
 Swiftness                Air            64%        N/A       1%          3
 Vhi's Electric Charge    Tloc/Air       100%       N/A       1%          3
 Airstrike                Air            32%        2d(5-21)  1%          4
 Animate Dead             Necr           64%        N/A       1%          4
 Flame Wave               Conj/Fire      64%        2d15      1%          4
 Ice Form                 Ice/Tmut       69%        N/A       1%          4
 Leda's Liquefaction      Hex/Erth       32%        N/A       1%          4
 Manifold Assault         Tloc           64%        N/A       1%          4
 Petrify                  Tmut/Erth      64%        N/A       1%          4
 Metabolic Englaciation   Hex/Ice        34%        N/A       1%          5
 Arcjolt                  Conj/Air       32%        1d42      2%          5
 Iskenderun's Battlesphe  Conj           64%        2d11      2%          5
 Simulacrum               Ice/Necr       34%        N/A       8%          6
 Conjure Ball Lightning   Conj/Air       32%        3x3d10    13%         6
 Death Channel            Necr           32%        N/A       13%         6
 Summon Cactus Giant      Summ           32%        N/A       13%         6
 Haunt                    Necr/Summ      32%        N/A       56%         7
 Spellforged Servitor     Conj/Summ      32%        N/A       56%         7
 Storm Form               Tmut/Air       32%        N/A       56%         7
 Discord                  Hex            32%        N/A       99%         8
 Disjunction              Tloc           32%        N/A       99%         8
 Infestation              Necr           32%        N/A       99%         8
 Maxwell's Capacitive Co  Air            32%        ∞         99%         8


Dungeon Overview and Level Annotations

Branches:
Dungeon (12/15)            Temple (1/1) D:4            Lair (5/5) D:9
  Swamp (0/4) Lair:3       Spider (0/4) Lair:3          Orc (0/2) D:12
 Bailey (visited)         Volcano (visited)
  Slime: Lair:4-5

Altars:
Ashenzari
Cheibriados
Dithmenos
Elyvilon
Fedhas
Gozag
Hepliaklqana
Makhleb
Nemelex Xobeh
Okawaru
Ru
Sif Muna
Trog
Uskayaw
Vehumet
Wu Jian
Xom
Yredelemnul
Zin
The Shining One
Jiyva

Shops:
D:1 [   D:4 (=*:(   D:5 :   D:11 !*?

Portals:
Trove: D:10 (give +7 demon blade)

Annotations:
D:7 1 runed translucent door, wogdood's ghost, novice TeAE
Lair:4 exclusion: 3 oklob plants


Innate Abilities, Weirdness & Mutations

You have very sharp teeth.
Your uncanny sense of smell can sniff out nearby items.
Your experience applies equally to all skills.
Your body sometimes deteriorates upon taking damage.
Potions are less effective at restoring your health.


Message History

The skeletal warrior is almost destroyed.
The skeletal warrior closely misses you.
Casting: Dispel Undead (mildly dangerous; 1% risk of failure)
Confirm with . or Enter, or press ? or * to list all spells.
Aiming: Freeze (safe; 1% risk of failure)
Press: ? - help, Shift-Dir - straight line, f/p - skeletal warrior
Aim: a skeletal warrior, wielding a +4 glaive (almost destroyed)
Okay, then.
Casting: Freeze (safe; 1% risk of failure)
Confirm with . or Enter, or press ? or * to list all spells.
Aiming: Freeze (safe; 1% risk of failure)
Press: ? - help, Shift-Dir - straight line, f/p - skeletal warrior
Aim: a skeletal warrior, wielding a +4 glaive (almost destroyed)
You freeze the skeletal warrior.
The skeletal warrior resists.
The skeletal warrior is almost destroyed.
* * * LOW HITPOINT WARNING * * *
The skeletal warrior hits you with a +4 glaive.
* * * LOW HITPOINT WARNING * * *
Casting: Freeze (safe; 1% risk of failure)
Confirm with . or Enter, or press ? or * to list all spells.
Okay, then.
You are confused.
Your system partially rejects the healing.
You feel invigorated. The skeletal warrior misses you.
The skeletal warrior completely misses you.
You hit the skeletal warrior. Your bite misses the skeletal warrior.
The skeletal warrior is almost destroyed.
The skeletal warrior hits you with a +4 glaive!
* * * LOW HITPOINT WARNING * * *
You hit the skeletal warrior but do no damage.
The skeletal warrior is almost destroyed.
You bump into the metal wall.
The skeletal warrior hits you with a +4 glaive!
* * * LOW HITPOINT WARNING * * *
You barely miss the skeletal warrior.
The skeletal warrior is almost destroyed.
You feel less invigorated.
You feel less confused.
The skeletal warrior hits you with a +4 glaive!
You die...

##.#.# ####..##.#.# #..#
#.#.# #.###[#.# #..####
#.#.########.##...<###......
#.........<.....#).....#####
###.########.##....##### #
#.# #............# ### #.#
#.####.###...# ####.. #>#
#.# #...(....####....#
#.###.###@.###..###.#.####
#.......)z(# #..##.#......
#####.####.# #..##....####
#.# #.# #....###.# #.#
#.####.##.#.## #.#
#..........#
#...........#####
#############


You could see a skeletal warrior.

Vanquished Creatures
  Josephine (D:10)
  8 hydras (Lair:2)
  2 catoblepae (Lair:2)
  Erica (D:10)
  3 two-headed ogres
  A boulder beetle (D:11)
  2 death yaks (Lair:2)
  A fire crab (Volcano)
  2 skeletal warriors (D:12)
  2 deep elf pyromancers (D:12)
  A lindwurm (Volcano)
  2 orc knights (Bailey)
  A will-o-the-wisp (Lair:3)
  A cyclops (D:11)
  21 elephants
  The ghost of caveywoolpert the Digger, a novice GrEE of Vehumet (D:6)
  5 black mambas
  2 manticores (D:11)
  2 gargoyles (D:12)
  A molten gargoyle (Volcano)
  A torpor snail (Lair:2)
  13 cane toads
  3 kobold demonologists
  A rime drake (Lair:1)
  8 komodo dragons
  6 hornets
  3 trolls
  9 polar bears
  5 blink frogs
  A dream sheep (Lair:2)
  11 spriggans
  2 shadows
  4 slime creatures (D:12)
  6 wyverns
  4 wraiths (D:10)
  21 yaks
  Grum (D:10)
  6 fire bats (Volcano)
  3 basilisks
  2 steam dragons
  7 vampire mosquitoes
  2 hell hounds (Volcano)
  14 orc warriors
  8 water moccasins
  2 sky beasts
  3 ice beasts
  6 black bears
  An ogre (D:4)
  3 centaurs
  25 wolves
  4 boggarts (Lair:5)
  16 bullfrogs
  10 kobold brigands
  8 scorpions
  2 gnoll sergeants (D:11)
  7 killer bees
  3 jellies
  A howler monkey (D:10)
  An electric eel (Bailey)
  4 lava snakes (Volcano)
  6 orc priests
  A gnoll bouda (D:6)
  3 iguanas
  Ijyb (D:4)
  7 orc wizards
  13 gnolls
  9 adders
  A shadow imp (D:7)
  3 ufetubi
  A worm (Lair:3)
  A dart slug (D:3)
  44 orcs
  11 endoplasms
  18 giant cockroaches
  18 goblins
  9 hobgoblins
  7 jackals
  2 quokkas (D:3)
  5 ball pythons
  3 bats
  A frilled lizard (D:2)
  15 kobolds
  3 rats
479 creatures vanquished.

Vanquished Creatures (collateral kills)
  A hydra (Lair:3)
  An ugly thing (D:12)
  An elephant (Lair:2)
  A slime creature (D:12)
  A gargoyle (Volcano)
  A cane toad (Lair:5)
  A polar bear (Lair:5)
  A hornet (Lair:5)
  4 spriggans (Lair:5)
  An acid dragon (D:10)
  A water moccasin (Lair:2)
  2 wolves (Lair:5)
  A kobold brigand (D:6)
  A bullfrog (Lair:3)
  5 killer bees
  2 electric eels (Bailey)
  2 gnolls (D:11)
27 creatures vanquished.

Vanquished Creatures (others)
  4 foxfires (Lair:3)
  21 fungi
  127 plants
152 creatures vanquished.

Grand Total: 658 creatures vanquished

Notes
Turn   | Place    | Note
-------+----------+-------------------------------------------
     0 | D:1      | Crownlay the Gnoll Ice Elementalist began the quest for the
                  | Orb.
     0 | D:1      | Reached XP level 1. HP: 13/13 MP: 6/6
   446 | D:1      | Found Jaqih's Antique Armour Shoppe.
   466 | D:1      | Reached XP level 2. HP: 19/19 MP: 4/7
   899 | D:2      | Found a faded altar of an unknown god.
  1018 | D:2      | Reached skill level 5 in Spellcasting
  1018 | D:2      | Reached XP level 3. HP: 22/25 MP: 4/9
  1039 | D:2      | Reached skill level 1 in Invocations
  1115 | D:2      | Learned a level 3 spell: Frozen Ramparts
  1119 | D:2      | Learned a level 3 spell: Ozocubu's Armour
  1463 | D:2      | Reached skill level 1 in Fighting
  1463 | D:2      | Reached skill level 1 in Short Blades
  1463 | D:2      | Reached skill level 1 in Long Blades
  1463 | D:2      | Reached skill level 1 in Axes
  1463 | D:2      | Reached skill level 1 in Maces & Flails
  1463 | D:2      | Reached skill level 1 in Polearms
  1463 | D:2      | Reached skill level 1 in Staves
  1463 | D:2      | Reached skill level 1 in Ranged Weapons
  1463 | D:2      | Reached skill level 1 in Throwing
  1463 | D:2      | Reached skill level 1 in Armour
  1463 | D:2      | Reached skill level 1 in Shields
  1463 | D:2      | Reached skill level 1 in Unarmed Combat
  1463 | D:2      | Reached skill level 1 in Evocations
  1696 | D:3      | Reached XP level 4. HP: 32/32 MP: 7/11
  1853 | D:3      | Reached skill level 1 in Conjurations
  1853 | D:3      | Reached skill level 1 in Hexes
  1853 | D:3      | Reached skill level 1 in Summonings
  1853 | D:3      | Reached skill level 1 in Necromancy
  1853 | D:3      | Reached skill level 1 in Translocations
  1853 | D:3      | Reached skill level 1 in Transmutations
  1853 | D:3      | Reached skill level 1 in Fire Magic
  1853 | D:3      | Reached skill level 1 in Air Magic
  1853 | D:3      | Reached skill level 1 in Earth Magic
  1853 | D:3      | Reached skill level 1 in Poison Magic
  2152 | D:3      | Found a hazy altar of Hepliaklqana.
  2452 | D:4      | Reached XP level 5. HP: 37/37 MP: 8/12
  2589 | D:4      | Found a blossoming altar of Fedhas.
  2589 | D:4      | Noticed an ogre
  2613 | D:4      | Killed an ogre
  2738 | D:4      | Reached XP level 6. HP: 44/44 MP: 7/13
  2799 | D:4      | Found a white marble altar of Elyvilon.
  2853 | D:4      | Noticed Ijyb
  2865 | D:4      | Killed Ijyb
  2994 | D:4      | Found a basalt altar of Yredelemnul.
  3065 | D:4      | Found Wimifu's Weapon Shop.
  3151 | D:4      | Reached skill level 5 in Dodging
  3344 | D:4      | Found Muoqatz's Weapon Shop.
  3367 | D:4      | Found Ymofabis's Assorted Antiques.
  3369 | D:4      | Found Yffy's Jewellery Shoppe.
  3401 | D:4      | Bought a scroll labelled ELICEIG VOXZI for 30 gold pieces
  3424 | D:4      | Found Nouvozun's Book Shop.
  3519 | D:4      | Found a staircase to the Ecumenical Temple.
  3540 | Temple   | Entered the Ecumenical Temple
  3587 | Temple   | Became a worshipper of Uskayaw the Reveller
  3670 | D:5      | Entered Level 5 of the Dungeon
  3859 | D:5      | Reached * piety under Uskayaw
  3922 | D:5      | Found a broken altar of Ashenzari.
  3996 | D:5      | Reached ** piety under Uskayaw
  4198 | D:5      | Found Loudeu Bunu's Book Shop.
  4198 | D:5      | Noticed a black bear
  4206 | D:5      | Reached *** piety under Uskayaw
  4207 | D:5      | Killed a black bear
  4208 | D:5      | Reached XP level 7. HP: 50/50 MP: 8/15
  4592 | D:6      | Noticed caveywoolpert's ghost (novice GrEE)
  4592 | D:6      | Noticed a kobold demonologist
  4592 | D:6      | Found a runed translucent gate.
  4592 | D:6      | Found a runed translucent gate.
  4629 | D:6      | Reached skill level 5 in Stealth
  4750 | D:6      | Reached **** piety under Uskayaw
  4753 | D:6      | Reached ***** piety under Uskayaw
  4891 | D:6      | Found the +6 Majin-Bo {spellvamp, MP+6 Int+6}
  4954 | D:6      | Identified the +1 cloak of Zin's Reproof {Will+ Int+2}
  5060 | D:6      | Found a sacrificial altar of Ru.
  5323 | D:6      | Reached XP level 8. HP: 58/58 MP: 16/16
  5543 | D:6      | Found a runed translucent gate.
  5888 | D:7      | Noticed a wyvern
  5897 | D:7      | Killed a wyvern
  5912 | D:7      | Got the Precepts of Planar Gases
  6084 | D:7      | Identified 2 scrolls of acquirement
  6085 | D:7      | Acquired 457 gold pieces
  6087 | D:7      | Acquired the +2 pair of gloves "Reapughi" {Drain rElec rC++
                  | Regen+}
  6115 | D:7      | Found a runed translucent door.
  6115 | D:7      | Found a shimmering altar of Xom.
  6115 | D:7      | Noticed wogdood's ghost (novice TeAE)
  6115 | D:7      | Noticed a +1 scimitar of chaos
  6168 | D:7      | Reached XP level 9. HP: 65/65 MP: 18/18
  6878 | D:8      | Learned a level 4 spell: Summon Ice Beast
  6976 | D:8      | Found a flagged portal.
  7005 | Bailey   | Entered a bailey
  7079 | Bailey   | Noticed an orc knight
  7089 | Bailey   | Killed an orc knight
  7090 | Bailey   | Reached skill level 5 in Invocations
  7165 | Bailey   | Noticed a kobold demonologist
  7177 | Bailey   | Killed a kobold demonologist
  7183 | Bailey   | Learned a level 4 spell: Dispel Undead
  7261 | Bailey   | Noticed an orc knight
  7281 | Bailey   | Killed an orc knight
  7282 | Bailey   | Reached skill level 5 in Fighting
  7282 | Bailey   | Reached skill level 5 in Short Blades
  7282 | Bailey   | Reached skill level 5 in Long Blades
  7282 | Bailey   | Reached skill level 5 in Axes
  7282 | Bailey   | Reached skill level 5 in Maces & Flails
  7282 | Bailey   | Reached skill level 5 in Polearms
  7282 | Bailey   | Reached skill level 5 in Staves
  7282 | Bailey   | Reached skill level 5 in Ranged Weapons
  7282 | Bailey   | Reached skill level 5 in Throwing
  7282 | Bailey   | Reached skill level 5 in Armour
  7282 | Bailey   | Reached skill level 5 in Shields
  7282 | Bailey   | Reached skill level 5 in Unarmed Combat
  7282 | Bailey   | Reached skill level 5 in Evocations
  7282 | Bailey   | Reached XP level 10. HP: 38/74 MP: 19/20
  7669 | Bailey   | Found an iron altar of Okawaru.
  7671 | Bailey   | Noticed a kobold demonologist
  7686 | Bailey   | Killed a kobold demonologist
  8002 | D:8      | Found an iron altar of Okawaru.
  8081 | D:8      | Found an opulent altar of Gozag.
  8563 | D:8      | Acquired 1314 gold pieces
  8565 | D:8      | Acquired 881 gold pieces
  8692 | D:4      | Bought a scroll of identify for 60 gold pieces
  8692 | D:4      | Bought a scroll of identify for 60 gold pieces
  8706 | D:4      | Bought a book of Sloth for 360 gold pieces
  8706 | D:4      | Bought a book of the Tundra for 320 gold pieces
  8706 | D:4      | Bought a book of Chaos for 500 gold pieces
  8710 | D:4      | Learned a level 3 spell: Hailstorm
  9105 | D:6      | Killed a kobold demonologist
  9123 | D:6      | Reached ****** piety under Uskayaw
  9128 | D:6      | Killed caveywoolpert's ghost
  9556 | D:9      | Reached skill level 5 in Conjurations
  9556 | D:9      | Reached skill level 5 in Hexes
  9556 | D:9      | Reached skill level 5 in Summonings
  9556 | D:9      | Reached skill level 5 in Necromancy
  9556 | D:9      | Reached skill level 5 in Translocations
  9556 | D:9      | Reached skill level 5 in Transmutations
  9556 | D:9      | Reached skill level 5 in Fire Magic
  9556 | D:9      | Reached skill level 5 in Air Magic
  9556 | D:9      | Reached skill level 5 in Earth Magic
  9556 | D:9      | Reached skill level 5 in Poison Magic
  9583 | D:9      | Reached XP level 11. HP: 81/81 MP: 16/22
  9661 | D:9      | Found a snail-covered altar of Cheibriados.
  9716 | D:9      | Noticed a two-headed ogre
  9737 | D:9      | Killed a two-headed ogre
  9839 | D:9      | Found a staircase to the Lair.
 10301 | D:9      | Noticed a two-headed ogre
 10316 | D:9      | Killed a two-headed ogre
 10453 | D:9      | Identified the +9 quarterstaff of Objectivity {elec, rElec
                  | rF+ Will+}
 10492 | D:9      | Found a shadowy altar of Dithmenos.
 10587 | D:9      | Found a burning altar of Makhleb.
 10747 | D:10     | Entered Level 10 of the Dungeon
 10793 | D:10     | Found a portal to a secret trove of treasure.
 11073 | D:10     | Noticed Erica
 11083 | D:10     | Killed Erica
 11296 | Lair:1   | Entered Level 1 of the Lair of Beasts
 12333 | Lair:2   | Reached XP level 12. HP: 77/91 MP: 10/24
 12616 | Lair:2   | Noticed an eight-headed hydra
 12631 | Lair:2   | Killed an eight-headed hydra
 13113 | Lair:2   | You fall into a shaft and drop 2 floors!
 13479 | Lair:4   | Learned a level 6 spell: Statue Form
 13875 | Lair:3   | Reached XP level 13. HP: 98/98 MP: 23/26
 13875 | Lair:3   | Acquired the +2 helmet of the Blessed Realm {rC+++ rCorr
                  | Slay-4}
 13913 | Lair:3   | Found an opulent altar of Gozag.
 14182 | Lair:3   | Reached skill level 10 in Ice Magic
 14207 | Lair:3   | Found a hole to the Spider Nest.
 14944 | Lair:2   | Reached skill level 10 in Spellcasting
 15630 | Lair:2   | Reached skill level 10 in Dodging
 16811 | Lair:3   | Found a staircase to the Swamp.
 16825 | Lair:3   | Reached skill level 10 in Stealth
 17963 | Lair:4   | Found a viscous altar of Jiyva.
 18016 | Lair:5   | Entered Level 5 of the Lair of Beasts
 18137 | Lair:5   | Reached XP level 14. HP: 108/108 MP: 28/28
 18175 | Lair:5   | Reached skill level 10 in Invocations
 18397 | Lair:5   | Found a dark tunnel.
 18402 | Volcano  | Entered a volcano
 18722 | Volcano  | Found a burning altar of Makhleb.
 19377 | Lair:5   | Gained mutation: Potions are less effective at restoring
                  | your health. [mutagenic glow]
 19392 | Lair:5   | Gained mutation: Your body sometimes deteriorates upon
                  | taking damage. [mutagenic glow]
 20579 | Lair:5   | Learned a level 6 spell: Iron Shot
 20965 | D:10     | Found a glowing golden altar of the Shining One.
 21078 | D:10     | Noticed Josephine
 21083 | D:10     | Noticed Grum
 21089 | D:10     | Killed Josephine
 21091 | D:10     | Killed Grum
 21624 | D:11     | Found Uwukk's Assorted Antiques.
 21736 | D:11     | Identified the +0 robe "Ittiweew" {Int+4 Dex+4 SInv}
 22035 | D:11     | Found Micset's Distillery.
 22043 | D:11     | Bought a potion of curing for 51 gold pieces
 22043 | D:11     | Bought a potion of curing for 51 gold pieces
 22167 | D:11     | Found Gocret's Magic Scroll Emporium.
 22175 | D:11     | Bought 3 scrolls of identify for 84 gold pieces
 22175 | D:11     | Bought a scroll of acquirement for 728 gold pieces
 22177 | D:11     | Acquired 1226 gold pieces
 22350 | D:12     | Identified the +2 spear of the Boiling Point {elec, rC++
                  | rN+}
 22696 | D:12     | Reached skill level 10 in Fighting
 22696 | D:12     | Reached skill level 10 in Short Blades
 22696 | D:12     | Reached skill level 10 in Long Blades
 22696 | D:12     | Reached skill level 10 in Axes
 22696 | D:12     | Reached skill level 10 in Maces & Flails
 22696 | D:12     | Reached skill level 10 in Polearms
 22696 | D:12     | Reached skill level 10 in Staves
 22696 | D:12     | Reached skill level 10 in Ranged Weapons
 22696 | D:12     | Reached skill level 10 in Throwing
 22696 | D:12     | Reached skill level 10 in Armour
 22696 | D:12     | Reached skill level 10 in Shields
 22696 | D:12     | Reached skill level 10 in Unarmed Combat
 22696 | D:12     | Reached skill level 10 in Evocations
 22967 | D:12     | Found a staircase to the Orcish Mines.
 23173 | D:12     | Reached XP level 15. HP: 68/115 MP: 22/30
 23179 | D:12     | HP: 1/115 [skeletal warrior/+4 glaive (24)]
 23188 | D:12     | HP: 4/115 [skeletal warrior/+4 glaive (15)]
 23189 | D:12     | Slain by a skeletal warrior

Illustrated notes

Levels and vault maps discovered:
D:1:      scummos_arrival_forest, layout_basic, serial_shops, nicolae_shop_trees
D:2:      minmay_roachtagon, layout_basic, shapermc_ecumenical_altar_venn
D:3:      minmay_inner_zag, layout_rooms, nzn_hepliaklqana_mist_gate,
          minmay_bisected
D:4:      kennysheep_the_goblin_king, layout_basic, mainiacjoe_overflow_catwalk,
          kennysheep_ying_yang, lemuel_temple_firewalk_b, serial_shops,
          nicolae_shop_stone, shop_statue, shop,
          nicolae_shop_bloodbath_and_beyond, nicolae_lakefront_shop,
          grunt_ministairs_15, uniq_ijyb
D:5:      layout_loops_corners, mainiacjoe_overflow_six_doors_small,
          abandoned_shop, kennysheep_windowed_goal
D:6:      layout_loops_ring, kennysheep_mini, gammafunk_ghost_nasty_kobolds
D:7:      layout_basic, ebering_ghost_xom
D:8:      layout_rooms, mainiacjoe_overflow_cross_hatched,
          mainiacjoe_overflow_alcove_1, enter_bailey_4
D:9:      layout_stronghold, lightli_temple_of_fire,
          mainiacjoe_overflow_tiny_flanked, lemuel_coloured_pillars_altar,
          dpeg_oklobed_lair, serial_glass, glass_columns_a, glass_columns_c,
          glass_columns_b, glass_columns_b, glass_columns_b, glass_columns_c
D:10:     layout_loops_cross, mainiacjoe_overflow_small_starburst,
          nicolae_trove_entry_isolated, uniq_erica, uniq_josephine, uniq_grum
D:11:     layout_rooms, serial_shops, nicolae_square_shop,
          kennysheep_little_box, nicolae_shop_waterfront
D:12:     layout_loops_ring, orc_0_dummy, minmay_misc_feat_doors
Temple:   jpeg_temple_alley_garden
Lair:1:   layout_loops_ring
Lair:2:   nzn_winding_woodlands_huge [nzn_winding_woodlands_5x15_split_checker,
          nzn_winding_woodlands_5x15_sidewinder,
          nzn_winding_woodlands_5x15_twine,
          nzn_winding_woodlands_5x15_lazy_stream,
          nzn_winding_woodlands_5x15_river_crossing,
          nzn_winding_woodlands_5x15_garden, nzn_winding_woodlands_5x15_zeroes,
          nzn_winding_woodlands_5x15_pool, nzn_winding_woodlands_5x15_default,
          nzn_winding_woodlands_5x15_eye, nzn_winding_woodlands_center_lodge,
          nzn_winding_woodlands_center_pierced_h,
          nzn_winding_woodlands_15x15_five_gardens], layout_layer_cave
Lair:3:   wad_woods_stonehenge, layout_layer_cave, minmay_swamp_entry_wisps,
          nicolae_spider_entry_non_spiders, chequers_serial_rivers_micro_c,
          serial_bayou_shore_b
Lair:4:   layout_hall_layers, minmay_slime_entry_oklob_open,
          nicolae_lair_grazing_beasts [nicolae_sub_lair_graze_edge,
          nicolae_sub_lair_graze_edge, nicolae_sub_lair_graze_edge,
          nicolae_sub_lair_graze_edge], serial_bayou_shore_a
Lair:5:   minmay_lair_end_enchanted_forest, layout_loops_ring, enter_volcano_4

Skill      XL: |  1  2  3  4  5  6  7  8  9 10 11 12 13 14 15 |
---------------+----------------------------------------------+-----
Spellcasting   | 5 6 7 8 9 10 11 | 11.2
Invocations    | 1 2 3 4 5 6 7 8 9 10 11 | 11.0
Fighting       | 1 2 3 5 6 7 8 9 10 | 10.1
Short Blades   | 1 2 3 5 6 7 8 9 10 | 10.1
Long Blades    | 1 2 3 5 6 7 8 9 10 | 10.1
Axes           | 1 2 3 5 6 7 8 9 10 | 10.1
Maces & Flails | 1 2 3 5 6 7 8 9 10 | 10.1
Polearms       | 1 2 3 5 6 7 8 9 10 | 10.1
Staves         | 1 2 3 5 6 7 8 9 10 | 10.1
Ranged Weapons | 1 2 3 5 6 7 8 9 10 | 10.1
Throwing       | 1 2 3 5 6 7 8 9 10 | 10.1
Armour         | 1 2 3 5 6 7 8 9 10 | 10.1
Shields        | 1 2 3 5 6 7 8 9 10 | 10.1
Unarmed Combat | 1 2 3 5 6 7 8 9 10 | 10.1
Evocations     | 1 2 3 5 6 7 8 9 10 | 10.1
Conjurations   | 1 2 3 4 5 6 7 8 |  8.4
Hexes          | 1 2 3 4 5 6 7 8 |  8.4
Summonings     | 1 2 3 4 5 6 7 8 |  8.4
Necromancy     | 1 2 3 4 5 6 7 8 |  8.4
Translocations | 1 2 3 4 5 6 7 8 |  8.4
Transmutations | 1 2 3 4 5 6 7 8 |  8.4
Fire Magic     | 1 2 3 4 5 6 7 8 |  8.4
Air Magic      | 1 2 3 4 5 6 7 8 |  8.4
Earth Magic    | 1 2 3 4 5 6 7 8 |  8.4
Poison Magic   | 1 2 3 4 5 6 7 8 |  8.4
Dodging        | 5 6 7 8 9 10 11 | 11.1
Stealth        | 5 6 7 8 9 10 | 10.9
Ice Magic      | 8 9 10 11 | 11.0

Action                     |  1- 3 |  4- 6 |  7- 9 | 10-12 | 13-15 || total
---------------------------+-------+-------+-------+-------+-------++-------
  Melee: Unarmed           |     2 |       |       |       |       ||     2
         Scimitar          |    43 |    15 |       |       |       ||    58
         Bite              |     6 |     1 |    13 |    74 |    94 ||   188
         Mace              |     1 |       |       |       |       ||     1
         Punch             |     2 |       |       |    25 |    41 ||    68
         Dagger            |       |    31 |    12 |   148 |       ||   191
         Staff             |       |       |    60 |   204 |   527 ||   791
         Quarterstaff      |       |       |       |    20 |       ||    20
  Throw: Boomerang         |       |       |     2 |    86 |    98 ||   186
         Javelin           |       |       |       |       |    18 ||    18
         Throwing net      |       |       |       |       |     1 ||     1
   Cast: Freeze            |    38 |    37 |    39 |       |    11 ||   125
         Frozen Ramparts   |       |    15 |    25 |    63 |   108 ||   211
         Ozocubu's Armour  |       |     6 |    16 |    43 |    67 ||   132
         Summon Ice Beast  |       |       |     2 |    18 |    29 ||    49
         Hailstorm         |       |       |       |     5 |    32 ||    37
         Dispel Undead     |       |       |       |       |    15 ||    15
         Statue Form       |       |       |       |       |     4 ||     4
         Iron Shot         |       |       |       |       |     2 ||     2
  Evoke: Wand              |       |       |     4 |       |     1 ||     5
    Use: Scroll            |       |     4 |     8 |    12 |    11 ||    35
         Potion            |       |       |       |     1 |     4 ||     5
   Stab: Sleeping          |     1 |       |     1 |     1 |       ||     3
         Paralysed         |       |     1 |     5 |    28 |    25 ||    59
         Distracted        |       |       |       |     1 |     1 ||     2
         Petrified         |       |       |       |       |     1 ||     1
 Armour: Robe              |    22 |     7 |    24 |   147 |   209 ||   409
         Skin              |       |       |       |       |    16 ||    16
  Dodge: Dodged            |    43 |    48 |    59 |   233 |   446 ||   829
  Block: Other             |    18 |    16 |    26 |    91 |   131 ||   282
         Reflection        |       |       |     2 |     5 |     2 ||     9

Table legend: (Time is in decaauts)
 A = Elapsed time spent in this place.
 B = Non-inter-level travel time spent in this place.
 C = Inter-level travel time spent in this place.
 D = Time resting spent in this place.
 E = Time spent auto-exploring this place.
 F = Levels seen in this place.
 G = Mean time per level.
                   A        B        C        D        E       F      G
               +--------+--------+--------+--------+--------+-----+--------+
         Total |  23136 |  21391 |   1745 |    389 |  16328 |  20 | 1156.8 |
       Dungeon |  12593 |  11624 |    969 |      0 |   9539 |  12 | 1049.4 |
        Temple |     80 |     48 |     32 |      0 |     37 |   1 |   80.0 |
          Lair |   8715 |   7971 |    744 |    288 |   5847 |   5 | 1743.0 |
        Bailey |    971 |    971 |      0 |      0 |    645 |   1 |  971.0 |
       Volcano |    775 |    775 |      0 |    101 |    259 |   1 |  775.0 |
               +--------+--------+--------+--------+--------+-----+--------+

Top non-repeatable levels by time:
  Lair:2: 3461 daAuts
  Lair:5: 1971 daAuts
     D:7: 1560 daAuts
  Lair:3: 1512 daAuts
     D:6: 1417 daAuts
     D:9: 1375 daAuts
     D:4: 1312 daAuts
    D:10: 1058 daAuts
     D:5: 979 daAuts
  Bailey: 971 daAuts
  Lair:4: 956 daAuts
    D:12: 884 daAuts
    D:11: 864 daAuts
     D:2: 831 daAuts
  Lair:1: 814 daAuts
